 Dungeon Crawl Stone Soup version 0.22-a0-322-g60b3cfd402 (webtiles) character file.

45 Banto the Chiller (level 3, -1/21 HPs)
             Began as an Octopode Ice Elementalist on Apr 3, 2018.
             Slain by a sky beast (3 damage)
             ... on level 2 of the Dungeon.
             The game lasted 00:02:05 (1649 turns).

Banto the Chiller (Octopode Ice Elementalist)       Turns: 1649, Time: 00:02:06

Health: -1/21      AC:  1    Str:  7    XL:     3   Next: 64%
Magic:  3/6        EV: 13    Int: 18    God:
Gold:   42         SH:  0    Dex: 12    Spells: 5/6 levels left

rFire    . . .     SeeInvis .   h - +0 dagger (venom)
rCold    . . .     Gourm    .   (no shield)
rNeg     . . .     Faith    .   (helmet restricted)
rPois    .         Spirit   .   e - amulet of harm
rElec    .         Reflect  .   (no ring)
rCorr    .         Harm     +   (no ring)
MR       .....                  (no ring)
Stlth    +++.......             (no ring)
HPRegen  0.07/turn              (no ring)
MPRegen  0.10/turn              (no ring)
                                (no ring)
                                (no ring)

@: no status effects
A: almost no armour, stealthy swim, amphibious, 8 rings, constrict 8, camouflage
1, gelatinous body 1
a: no special abilities


You were on level 2 of the Dungeon.
You were near starving.

You visited 1 branch of the dungeon, and saw 2 of its levels.

You collected 42 gold pieces.

Inventory:

Hand Weapons
 h - a +0 dagger of venom (weapon)
Jewellery
 e - an amulet of harm (around mantle)
Scrolls
 a - a scroll of identify {unknown}
 c - a scroll of enchant armour {unknown}
 d - a scroll of fear {unknown}
Potions
 g - a potion of curing {unknown}
Comestibles
 b - a ration


   Skills:
 - Level 2.0 Dodging
 + Level 3.8 Stealth
 - Level 2.0 Spellcasting
   Level 1.0 Conjurations
 * Level 4.1 Ice Magic


You had 5 spell levels left.
You knew the following spells:

 Your Spells              Type           Power        Failure   Level  Hunger
a - Freeze                Ice            ###.         3%          1    #......


Dungeon Overview and Level Annotations

Branches:
Dungeon (2/15)

Altars:
Dithmenos
Xom


Innate Abilities, Weirdness & Mutations

You cannot wear most types of armour.
You are very stealthy in the water. (Stealth+)
You are amphibious.
You can wear up to eight rings at the same time.
You can use your tentacles to constrict eight enemies at once.
Your skin changes colour to match your surroundings (Stealth+).
Your rubbery body absorbs attacks. (AC +1, EV +1)


Message History

The sky beast hits you. The sky beast shocks you.
You take 9 damage, and have 9/21 hp.
MASSIVE DAMAGE!!
You now have 2/6 mp.
Casting: Freeze (safe; 3% risk of failure)
Confirm with . or Enter, or press ? or * to list all spells.
Aiming: Freeze (safe; 3% risk of failure)
Press: ? - help, Shift-Dir - straight line, f/p - sky beast
Aim: a sky beast (moderately wounded)
Okay, then.
You see here a bat corpse.
You are near starving!
The sky beast flickers out of sight!
A sky beast appears from thin air!
Reactivating autopickup.
You see here a rat corpse.
You butcher the rat corpse.
The sky beast hits you. The sky beast shocks you.
* * * LOW HITPOINT WARNING * * *
You see here a chunk of flesh.
You take 8 damage, and have 2/21 hp.
MASSIVE DAMAGE!!
The sky beast hits you.
You die...

#......#..## #####..........
#..........#### #.....##.......
###.......#..§..# #..{..##.......
#......##.#.###.# #.....##.......
#......##.#%<†..###.....#........
#......##>#.............#........
#......##.#.....##...............
#.[....##.#....Y##......###..[...
###.#.##.#####..@.>.............%
###.#.####...##.###.....###
.......##.....### #.......
.......#.......# ..##.#.)
.[..[..#.#._.#.###.## .#..
.........##.##.....# .
..........###....#
...............###
........#........#..


You could see a sky beast.

Vanquished Creatures
  A worm (D:2)
  2 dart slugs
  2 leopard geckos (D:1)
  8 bats
  3 giant cockroaches
  5 goblins
  5 hobgoblins (D:1)
  2 kobolds
  A ball python (D:2)
  2 frilled lizards (D:1)
  3 rats
34 creatures vanquished.

Notes
Turn   | Place    | Note
-------+----------+-------------------------------------------
     0 | D:1      | Banto the Octopode Ice Elementalist began the quest for the Orb.
     0 | D:1      | Reached XP level 1. HP: 11/11 MP: 3/3
   243 | D:1      | Reached XP level 2. HP: 11/17 MP: 1/5
   570 | D:1      | Found a shimmering altar of Xom.
   739 | D:1      | Reached XP level 3. HP: 17/21 MP: 6/6
   997 | D:2      | Found a shadowy altar of Dithmenos.
  1012 | D:2      | Reached skill level 4 in Ice Magic
  1234 | D:2      | Noticed a sky beast
  1649 | D:2      | Slain by a sky beast

Vault maps used:
D:1:      dpeg_arrival_tiny_e, xom_teletrap_fun
D:2:      nicolae_dithmenos_through_a_glass_darkly

Skill      XL: |  1  2  3 |
---------------+----------+-----
Stealth        | 3 |  3.8
Ice Magic      | 4 |  4.1
Dodging        | |  2.0
Spellcasting   | |  2.0
Conjurations   | |  1.0

Action                   || total
-------------------------++-------
Melee: Unarmed           ||     7
       Constrict         ||    16
       Tentacles         ||     7
       Club              ||    18
       Dagger            ||    20
 Cast: Freeze            ||    24
 Stab: Sleeping          ||     7
       Distracted        ||     1
  Eat: Chunk             ||     1
Armor: Skin              ||     9
Dodge: Dodged            ||    74

Table legend:
 A = Spawn XP
 B = Non-spawn XP
 C = Spawn XP percentage of total XP
 D = Spawn monster count
 E = Non-spawn monster count
 F = Spawn count percentage of total count
 G = Total turns spent on level
                    A         B        C        D         E        F      G
               +---------+---------+-------+---------+---------+-------+---------
         Total |       0 |      65 |   0.0 |       0 |      34 |   0.0 |  1649
               +---------+---------+-------+---------+---------+-------+---------
           D:1 |       0 |      45 |   0.0 |       0 |      24 |   0.0 |  1332
           D:2 |       0 |      20 |   0.0 |       0 |      10 |   0.0 |   317
               +---------+---------+-------+---------+---------+-------+---------

Table legend:
 A = Turns spent in this place as a percentage of turns spent in the entire game.
 B = Non-inter-level travel turns spent in this place as a percentage of non-inter-level travel turns spent in the entire game.
 C = Inter-level travel turns spent in this place as a percentage of turns spent in this place.
 D = Turns resting spent in this place as a percentage of non-inter-level travel turns spent in this place.
 E = Turns spent auto-exploring this place as a percentage of non-inter-level travel turns spent in this place.
 F = Non-inter-level travel turns spent in this place divided by the number of levels of this place that you've seen.
                   A       B       C       D       E      F
               +-------+-------+-------+-------+-------+----------------------
         Total | 100.0 | 100.0 |   2.2 |  61.0 |  18.5 | 806.5
       Dungeon | 100.0 | 100.0 |   2.2 |  61.0 |  18.5 | 806.5
               +-------+-------+-------+-------+-------+----------------------

Table legend:
 A = Kills in this place as a percentage of kills in entire the game.
 B = Kills by you in this place as a percentage of kills by you in the entire game.
 C = Kills by friends in this place as a percentage of kills by friends in the entire game.
 D = Other kills in this place as a percentage of other kills in the entire game.
 E = Experience gained in this place as a percentage of experience gained in the entire game.
 F = Experience gained in this place divided by the number of levels of this place that you have seen.
                   A       B       C       D       E      F
               +-------+-------+-------+-------+-------+----------------------
         Total | 100.0 | 100.0 |   N/A |   N/A | 100.0 |  32.5
       Dungeon | 100.0 | 100.0 |   N/A |   N/A | 100.0 |  32.5
               +-------+-------+-------+-------+-------+----------------------
